 Dungeon Crawl Stone Soup version 0.31.0-9-g3a7656b989 (webtiles) character file.

Game seed: 9704960160166024651

1846 qw the Skirmisher (level 8, -1/41 HPs)
             Began as a Deep Elf Hunter on Feb 2, 2024.
             Was a Follower of Okawaru.
             Slain by an orc warrior
             ... wielding a +2 vampiric long sword
              (9 damage)
             ... on level 6 of the Dungeon.
             The game lasted 00:00:19 (4030 turns).

qw the Skirmisher (Deep Elf Hunter)                 Turns: 4030, Time: 00:00:20

Health: -1/41      AC:  5    Str: 10    XL:     8   Next: 88%
Magic:  10/10      EV: 17    Int: 10    God:    Okawaru [*.....]
Gold:   571        SH:  0    Dex: 18    Spells: 7/7 levels left

rFire   + . .        k - +0 orcbow (freeze)
rCold   + . .        (shield currently unavailable)
rNeg    . . .        f - +0 ring mail
rPois   .            (no helmet)
rElec   .            (no cloak)
rCorr   .            (no gloves)
SInv    +            (no boots)
Will    .....        (no amulet)
Stlth   +            e - ring of Ceiwn {rF+ rC+ Int-5 Slay+4 SInv}
HPRegen 0.26/turn    m - +5 ring of evasion
MPRegen 0.12/turn

%: random rage (3%)
@: no status effects
A: berserk 1, frail 1, no potion heal 1
a: Renounce Religion, Heroism


You were on level 6 of the Dungeon.
You worshipped Okawaru.
Okawaru was aware of your devotion.
You visited 2 branches of the dungeon, and saw 7 of its levels.

You collected 571 gold pieces.


Innate Abilities, Weirdness & Mutations

You sometimes lose your temper in combat.
You are frail. (-10% HP)
Potions are less effective at restoring your health.


   Skills:
 - Level 3.2 Fighting
 - Level 14.2 Ranged Weapons
 - Level 1.3 Armour
 + Level 4.4 Dodging
 - Level 1.2 Stealth
 + Level 0.0 Invocations


You had 7 spell levels left.
You didn't know any spells.
Your spell library was empty.

Inventory:

Hand Weapons
 k - a +0 orcbow of freezing (weapon)
Armour
 f - a +0 ring mail (worn)
 l - a +0 pair of boots
Jewellery
 e - the ring of Ceiwn (left hand) {rF+ rC+ Int-5 Slay+4 SInv}
   (You found it on level 2 of the Dungeon)

   [ring of see invisible]

   Int-5:     It affects your intelligence (-5).
   Slay+4:    It affects your accuracy & damage with ranged weapons and melee
   (+4).
   rF+:       It protects you from fire.
   rC+:       It protects you from cold.
   SInv:      It lets you see invisible.
 j - an amulet of guardian spirit
 m - a +5 ring of evasion (right hand)
Scrolls
 n - a scroll of silence {unknown}
 p - a scroll of enchant armour {unknown}
 q - a scroll of identify
Potions
 a - a potion of resistance {unknown}
 b - a potion of ambrosia {unknown}
 c - a potion of haste
 d - a potion of enlightenment {unknown}
 g - a potion of might
 h - a potion of curing
 i - a potion of berserk rage {unknown}
 o - a potion of lignification {unknown}

Dungeon Overview and Level Annotations

Branches:
Dungeon (6/15)             Temple (1/1) D:5

Altars:
Ashenzari
Cheibriados
Dithmenos
Elyvilon
Fedhas
Gozag
Hepliaklqana
Makhleb
Nemelex Xobeh
Okawaru
Ru
Vehumet
Wu Jian
Xom
Yredelemnul
Zin

Annotations:
D:5 1 runed translucent door, qw's ghost, amateur GrHu


Message History

You shoot an arrow. The arrow hits the orc.
The arrow freezes the orc.
The orc is moderately wounded.
You shoot an arrow. The arrow hits the orc.
The arrow freezes the orc.
You kill the orc!
Okawaru accepts your kill.
An orc warrior comes into view.
It is wielding a +2 vampiric long sword.
You shoot an arrow. The arrow hits the orc warrior.
The arrow freezes the orc warrior.
The orc warrior is lightly wounded.
You shoot an arrow. The arrow hits the orc warrior!
The arrow freezes the orc warrior.
The orc warrior is almost dead.
You shoot an arrow.
The arrow hits the orc warrior but does no damage.
The orc warrior is almost dead.
You shoot an arrow.
The arrow barely misses the orc warrior.
The orc warrior hits you with a +2 vampiric long sword!
The orc warrior draws strength from your wounds!
You shoot an arrow.
The arrow hits the orc warrior but does no damage.
The orc warrior is heavily wounded.
The orc warrior completely misses you.
You shoot an arrow. The arrow hits the orc warrior!
The arrow freezes the orc warrior.
The orc warrior is almost dead.
The orc warrior hits you with a +2 vampiric long sword.
The orc warrior draws strength from your wounds!
An orc comes into view. It is wielding a +0 club.
You shoot an arrow. The orc shouts!
The arrow hits the orc warrior but does no damage.
The orc warrior is almost dead.
The orc warrior hits you with a +2 vampiric long sword!
The orc warrior draws strength from your wounds!
You shoot an arrow. The arrow hits the orc warrior!
The arrow freezes the orc warrior.
The orc warrior is almost dead.
The orc warrior hits you with a +2 vampiric long sword!
You die...

.......##......#.###.......#.....
......#.###.#?....#.....
................#.#.....
.....%............#.....
...............[..#.....
........########...#####
........# #### ........# #...
.......@# #... .......o# ..#...
#######.# #....#... ).# #........
..# ######........ ....
.............. ....
.............. .....
.............. ..............


You could see an orc warrior.

Vanquished Creatures
  Grinder (D:3)
  An orc warrior (D:6)
  An ice beast (D:6)
  An ogre (D:6)
  2 centaurs (D:5)
  A bullfrog (D:5)
  7 scorpions
  2 jellies
  2 bombardier beetles
  An orc priest (D:6)
  3 hounds
  A gnoll bouda (D:5)
  2 iguanas
  Terence (D:3)
  A sleepcap (D:6)
  6 orc wizards
  4 gnolls (D:5)
  7 adders
  A shadow imp (D:5)
  2 ufetubi (D:4)
  2 dart slugs
  10 orcs
  5 ball pythons
  7 bats
  7 endoplasms
  5 giant cockroaches
  7 goblins
  3 hobgoblins
  4 jackals (D:1)
  6 kobolds
  2 quokkas
  2 frilled lizards (D:1)
  3 rats
110 creatures vanquished.

Notes
Turn   | Place    | Note
-------+----------+-------------------------------------------
     0 | D:1      | qw the Deep Elf Hunter began the quest for the Orb.
     0 | D:1      | Reached XP level 1. HP: 12/12 MP: 3/3
     0 | D:1      | 0 ||| qw: Version: 0.3-a-155-g5e7d8dd
     0 | D:1      | 0 ||| qw: Game counter: 1455
     0 | D:1      | 0 ||| qw: Melee chars always use a shield: true
     0 | D:1      | 0 ||| qw: God list: Okawaru
     0 | D:1      | 0 ||| qw: Allow faded altars: false
     0 | D:1      | 0 ||| qw: Do Orc after clearing Dungeon:15 true
     0 | D:1      | 0 ||| qw: Do second Lair branch before Depths: true
     0 | D:1      | 0 ||| qw: Lair rune preference: random
     0 | D:1      | 0 ||| qw: Goals: Normal
     0 | D:1      | 0 ||| PLANNING D:1-11
   144 | D:1      | Reached skill level 6 in Ranged Weapons
   144 | D:1      | Reached XP level 2. HP: 16/16 MP: 4/4
   592 | D:1      | Reached XP level 3. HP: 16/20 MP: 5/5
   909 | D:1      | 909 ||| UPGRADING to +0 ring mail.
   919 | D:1      | 919 ||| DROPPING +0 leather armour.
   920 | D:1      | 920 ||| UPGRADING to amulet of guardian spirit.
   925 | D:1      | 925 ||| READING scroll labelled USONGI MASMIU.
   926 | D:1      | 926 ||| READING scroll labelled KOIDAX MILL.
   927 | D:1      | 927 ||| DROPPING scroll of butterflies.
  1119 | D:2      | Reached skill level 7 in Ranged Weapons
  1149 | D:2      | Reached XP level 4. HP: 25/25 MP: 6/6
  1267 | D:2      | Identified the ring of Ceiwn {rF+ rC+ Int-5 Slay+4 SInv}
  1436 | D:2      | 1436 ||| UPGRADING to ring of Ceiwn {rF+ rC+ Int-5 Slay+4
                  | SInv}.
  1437 | D:2      | 1437 ||| UPGRADING to +5 ring of evasion.
  1438 | D:2      | 1438 ||| READING scroll labelled CAQ LASUAN.
  1511 | D:3      | Noticed Grinder
  1520 | D:3      | Paralysed by Grinder for 2 turns
  1522 | D:3      | Killed Grinder
  1523 | D:3      | Reached skill level 9 in Ranged Weapons
  1523 | D:3      | Reached XP level 5. HP: 19/29 MP: 3/7
  1523 | D:3      | Reached XP level 6. HP: 22/34 MP: 3/8
  1986 | D:3      | Found a glowing silver altar of Zin.
  1987 | D:3      | Found an opulent altar of Gozag.
  2061 | D:3      | Noticed Terence
  2071 | D:3      | Killed Terence
  2072 | D:3      | Reached skill level 10 in Ranged Weapons
  2142 | D:3      | Reached skill level 3 in Dodging
  2375 | D:3      | 2375 ||| DROPPING ring of positive energy.
  2577 | D:4      | 2577 ||| FLEEEEING.
  2579 | D:4      | 2579 ||| FLEEEEING.
  2602 | D:4      | Found a blossoming altar of Fedhas.
  2785 | D:4      | Reached XP level 7. HP: 40/40 MP: 9/9
  2803 | D:4      | Reached skill level 11 in Ranged Weapons
  2895 | D:4      | 2895 ||| READING 2 scrolls labelled HARIAL MILLU.
  2895 | D:4      | 2895 ||| IDENTIFYING puce potion
  2896 | D:4      | 2896 ||| READING scroll of identify.
  2896 | D:4      | 2896 ||| IDENTIFYING dark potion
  2897 | D:4      | 2897 ||| DRINKING 2 pink potions.
  2898 | D:4      | 2898 ||| DRINKING 2 purple potions.
  2899 | D:4      | 2899 ||| DRINKING 2 fuming coppery potions.
  2899 | D:4      | Gained mutation: Potions are less effective at restoring
                  | your health. [potion of mutation]
  2899 | D:4      | Gained mutation: You sometimes lose your temper in combat.
                  | [potion of mutation]
  2899 | D:4      | Gained mutation: You have hidden genetic defects. [potion
                  | of mutation]
  2900 | D:4      | 2900 ||| DRINKING potion of mutation.
  2900 | D:4      | Lost mutation: Potions are less effective at restoring your
                  | health. [potion of mutation]
  2900 | D:4      | Lost mutation: You have hidden genetic defects. [potion of
                  | mutation]
  2900 | D:4      | Gained mutation: Potions are less effective at restoring
                  | your health. [potion of mutation]
  2900 | D:4      | Gained mutation: You are frail. (-10% HP) [potion of
                  | mutation]
  2901 | D:4      | 2901 ||| DROPPING potion of attraction.
  2922 | D:5      | Entered Level 5 of the Dungeon
  2926 | D:5      | 2926 ||| STAIRDANCE
  2948 | D:5      | 2948 ||| STAIRDANCE
  2954 | D:5      | 2954 ||| STAIRDANCE
  3087 | D:5      | Reached skill level 12 in Ranged Weapons
  3114 | D:5      | Reached skill level 1 in Armour
  3249 | D:5      | 3249 ||| FLEEEEING.
  3251 | D:5      | 3251 ||| FLEEEEING.
  3258 | D:5      | Reached XP level 8. HP: 38/40 MP: 8/10
  3321 | D:5      | Identified the +1 chain mail of Hide-and-Seek {Harm}
  3337 | D:5      | Reached skill level 3 in Fighting
  3392 | D:5      | 3392 ||| SWAPPING to +0 orcbow.
  3393 | D:5      | 3393 ||| DROPPING +0 shortbow.
  3407 | D:5      | Found a runed translucent door.
  3410 | D:5      | Noticed qw's ghost (amateur GrHu)
  3566 | D:5      | Found a staircase to the Ecumenical Temple.
  3567 | D:5      | 3567 ||| PLANNING TEMPLE
  3567 | D:5      | 3567 ||| READING scroll labelled JEUNOS ENOZO.
  3567 | D:5      | 3567 ||| BRANDING +0 orcbow.
  3568 | D:5      | 3568 ||| DRINKING 2 fizzy silvery potions.
  3569 | D:5      | 3569 ||| DROPPING potion of degeneration.
  3578 | Temple   | Entered the Ecumenical Temple
  3579 | Temple   | 3579 ||| PLANNING OKAWARU WORSHIP
  3584 | Temple   | Became a worshipper of Warmaster Okawaru
  3585 | Temple   | 3585 ||| PLANNING D:1-11
  3585 | Temple   | 3585 ||| REMOVING amulet of guardian spirit.
  3650 | D:5      | Found a hazy altar of Hepliaklqana.
  3651 | D:5      | Found a shadowy altar of Dithmenos.
  3896 | D:6      | Reached skill level 13 in Ranged Weapons
  3954 | D:6      | Reached skill level 14 in Ranged Weapons
  4013 | D:6      | Reached * piety under Okawaru
  4029 | D:6      | HP: 8/41 [orc warrior/+2 vampiric long sword (14)]
  4030 | D:6      | Slain by an orc warrior

Levels and vault maps discovered:
D:1:      scummos_arrival_simple_crosswalls, layout_basic, minmay_pentomino_s2
D:2:      layout_rooms, nicolae_half_adder
D:3:      layout_loops_ring, grunt_temple_overflow_gold_and_silver,
          minivault_24, kennysheep_generic_room_9, uniq_grinder, uniq_terence
D:4:      layout_basic, amcnicky_altar_gilded
D:5:      layout_gridville, riverfiend_overflow_shadow_ancestor,
          minmay_temple_entry_gardened_gates, ebering_ghost_sewer_d
D:6:      layout_basic, nrook_loot_triangle, st_stairs_11,
          kennysheep_generic_room_12
Temple:   bh_familiar_temple

Skill      XL: |  1  2  3  4  5  6  7  8 |
---------------+-------------------------+-----
Ranged Weapons | 6 7 9 10 12 14 | 14.2
Fighting       | 2 3 |  3.2
Dodging        | 3 4 |  4.4
Armour         | 1 |  1.3
Stealth        | |  1.2

Action                     |  1- 3 |  4- 6 |  7- 9 || total
---------------------------+-------+-------+-------++-------
   Fire: Shortbow          |   102 |   114 |    90 ||   306
         Orcbow            |       |       |    73 ||    73
    Use: Scroll            |     2 |     1 |     3 ||     6
         Potion            |       |       |     5 ||     5
 Armour: Leather armour    |    19 |       |       ||    19
         Ring mail         |     3 |    22 |    21 ||    46
  Dodge: Dodged            |    28 |    24 |    51 ||   103

Table legend:
 A = Non-vault XP
 B = Vault XP
 C = Vault XP percentage of total XP
 D = Non-vault monster count
 E = Vault monster count
 F = Vault count percentage of total count
                 A         B        C        D         E       F
            +---------+---------+-------+---------+---------+-------
      Total |    1762 |     876 |  33.2 |      97 |      13 |  11.8
            +---------+---------+-------+---------+---------+-------
        D:1 |      39 |       3 |   7.1 |      21 |       2 |   8.7
        D:2 |      27 |      40 |  59.7 |       8 |       3 |  27.3
        D:3 |     193 |     328 |  63.0 |      24 |       3 |  11.1
        D:4 |     358 |       0 |   0.0 |      17 |       0 |   0.0
        D:5 |     749 |       0 |   0.0 |      16 |       0 |   0.0
        D:6 |     396 |     505 |  56.0 |      11 |       5 |  31.2
            +---------+---------+-------+---------+---------+-------
